 Dungeon Crawl Stone Soup version 0.31-a0-365-gcf821cafb2 (webtiles) character file.

Game seed: 10296626639394681905

286 CraigForest the Ruffian (level 5, 0/24 HPs)
             Began as a Demigod Shapeshifter on July 28, 2023.
             Splashed by a jelly's acid (1 damage)
             ... on level 4 of the Dungeon.
             The game lasted 00:14:07 (2538 turns).

CraigForest the Ruffian (Demigod Shapeshifter)      Turns: 2538, Time: 00:14:08

Health: 0/24       AC:  1    Str: 25    XL:     5   Next: 80%
Magic:  7/7        EV: 10    Int: 10    God:
Gold:   196        SH:  0    Dex: 14    Spells: 4/4 levels left

rFire   . .          .
                       - Unarmed
rCold   + + .        j - melded +0 tower shield
rNeg    . . .        a - melded +0 animal skin
rPois   .            (helmet currently unavailable)
rElec   .            (cloak currently unavailable)
rCorr   .            (gloves currently unavailable)
SInv    .            (boots currently unavailable)
Will    .....        (no amulet)
Stlth   +            o - ring of protection from cold
HPRegen 0.24/turn    A - ring of protection from cold
MPRegen 0.10/turn

%: no passive effects
@: snake-form, corroded
A: constrict, reduced hp, large, high MP 1, forlorn, divine attributes
a: Begin Untransformation


You were on level 4 of the Dungeon.
You were an enormous anaconda.
You visited 1 branch of the dungeon, and saw 4 of its levels.

You collected 196 gold pieces.

Inventory:

Hand Weapons
 f - a +0 spear
 v - a +2 dagger of freezing
 x - a +0 mace of venom
 y - a +0 war axe
Armour
 a - a +0 animal skin (melded)
 h - a +0 pair of boots
 i - a +0 cloak
 j - a +0 tower shield (melded)
 k - a +0 ring mail
 p - a +0 pair of gloves
Jewellery
 o - a ring of protection from cold (left hand)
 A - a ring of protection from cold (right hand)
Talismans
 c - a beast talisman
 l - a serpent talisman
Scrolls
 d - a scroll of teleportation {unknown}
 g - a scroll of silence {unknown}
 q - a scroll of blinking {unknown}
 r - a scroll of identify {unknown}
 u - a scroll of enchant weapon {unknown}
 w - a scroll of immolation {unknown}
 z - a scroll of enchant armour {unknown}
Potions
 b - 4 potions of lignification
 e - 3 potions of curing {unknown}
 m - a potion of invisibility {unknown}
 n - a potion of brilliance {unknown}
 s - a potion of attraction {unknown}
 t - a potion of degeneration {unknown}


   Skills:
 + Level 1.0 Fighting
 - Level 2.0 Dodging
 + Level 0.3 Shields
 + Level 4.7 Unarmed Combat
 * Level 4.1 Shapeshifting


You had 4 spell levels left.
You didn't know any spells.
Your spell library contained the following spells:

 Spells                   Type           Power      Damage    Failure   Level
 Cause Fear               Hex            0%         N/A       98%         4
 Fireball                 Conj/Fire      0%         3d3       100%        5
 Dragon's Call            Summ           0%         N/A       100%        9


Dungeon Overview and Level Annotations

Branches:
Dungeon (4/15)
 Temple: D:4-7

Shops:
D:3 !


Innate Abilities, Weirdness & Mutations

You are an enormous anaconda.
You have a powerful constriction melee attack.
Your maximum health is decreased, since you lack skill for your form.
Your armour is entirely melded.
You are incapable of wielding weapons or throwing items.
You have an increased reservoir of magic. (+10% MP)
You shall have no god before yourself.
Your divine heritage dramatically boosts your attributes as you level up.


Message History

The sleepcap is severely damaged.
You constrict the sleepcap. The sleepcap closely misses you.
You lash the sleepcap!
You destroy the sleepcap!
Found a stone staircase leading up.
A dart slug comes into view.
You hit the dart slug. You grab the dart slug.
The dart slug is moderately wounded.
You constrict the dart slug.
The dart slug bites you but does no damage.
You lash the dart slug!
You kill the dart slug!
You see here a dart slug corpse.
You open the door.
A hobgoblin comes into view.
The hobgoblin shouts!
The hobgoblin moves out of view.
An endoplasm, a hobgoblin and a jelly come into view.
The hobgoblin shouts!
There is an open door here.
A worm comes into view.
The jelly quivers.
You closely miss the hobgoblin. You grab the hobgoblin.
You constrict the hobgoblin. The hobgoblin hits you.
You hit the hobgoblin but do no damage.
The hobgoblin is severely wounded.
You constrict the hobgoblin. You hit the hobgoblin.
You kill the hobgoblin!
You hit the jelly. The acid corrodes you!
Your hands burn!
The jelly is moderately wounded.
The hobgoblin misses you. The jelly hits you. The acid corrodes you!
You are splashed with acid!
You lash the jelly!
Your hands burn!
The jelly is almost dead.
The jelly hits you.
You are splashed with acid!
* * * LOW HITPOINT WARNING * * *
The hobgoblin misses you.
You hit the jelly but do no damage.
Your hands burn!
You die...

###....#......##...#
##.....##...........##
##.....## #.......#...##
#..†....##.............##
##..........#....#......##
#####.....#####.#..#..).##
#.. ##...##...##.........#
.....##'##.....#..##....##
.......JgSJw...#.###.#..##
.....#####.....####..#.##.
#... #...##..##...#.. ##.
#.###..###....# # .#
#...#.....# ###.........#
#.......##)..
###.##.##.... ###..#.....


You could see a worm, a jelly, an endoplasm and a hobgoblin.

Vanquished Creatures
  A scorpion (D:4)
  An orc priest (D:4)
  A sleepcap (D:4)
  2 iguanas
  3 adders
  A worm (D:4)
  3 dart slugs
  4 orcs (D:4)
  6 bats
  8 endoplasms
  2 giant cockroaches (D:1)
  4 goblins
  13 hobgoblins
  2 jackals (D:3)
  A quokka (D:3)
  6 ball pythons
  5 frilled lizards
  11 kobolds
  8 rats
82 creatures vanquished.

Notes
Turn   | Place    | Note
-------+----------+-------------------------------------------
     0 | D:1      | CraigForest the Demigod Shapeshifter began the quest for
                  | the Orb.
     0 | D:1      | Reached XP level 1. HP: 15/15 MP: 3/3
   390 | D:1      | Reached XP level 2. HP: 12/22 MP: 4/4
   452 | D:1      | Reached skill level 1 in Fighting
  1241 | D:2      | Reached XP level 3. HP: 28/28 MP: 5/5
  1963 | D:3      | Found Kucoak Teem's Distillery.
  2011 | D:3      | Reached XP level 4. HP: 18/35 MP: 6/6
  2415 | D:4      | Reached XP level 5. HP: 20/40 MP: 7/7
  2537 | D:4      | HP: 1/24 [acid (7)]
  2538 | D:4      | Splashed by a jelly's acid

Illustrated notes

Levels and vault maps discovered:
D:1:      psy_arrival_radial02, layout_basic, serial_park_tiny_1,
          minmay_tree_intersection, chequers_hall_statues_y,
          minmay_indecisive_spiral
D:2:      layout_loops_ring, basic_altar
D:3:      layout_basic, hellmonk_ecumenical_altar_defaced_shrine, serial_shops,
          nicolae_shop_industrial_runoff
D:4:      minmay_octagon_keep, layout_cave_pools, dk_yredelemnul_ordeal,
          elyvilon_altar_5, gammafunk_ghost_cemetery, minmay_gold_behind_fungi,
          uniq_blork_the_orc

Skill      XL: |  1  2  3  4  5 |
---------------+----------------+-----
Shapeshifting  | 3 4 |  4.1
Fighting       | 1 |  1.0
Unarmed Combat | 3 4 |  4.7
Dodging        | 2 |  2.0
Shields        | |  0.3

Action                     |  1- 3 |  4- 6 || total
---------------------------+-------+-------++-------
  Melee: Unarmed           |   129 |    57 ||   186
         Punch             |     3 |       ||     3
         Constrict         |     6 |    13 ||    19
Ability: Begin Untransform |     1 |       ||     1
   Stab: Sleeping          |     1 |       ||     1
 Armour: Animal skin       |    12 |       ||    12
         Skin              |    14 |     8 ||    22
  Dodge: Dodged            |    53 |    22 ||    75
  Block: Tower shield      |    18 |       ||    18
   Form: Beast             |     1 |       ||     1
         Anaconda          |     1 |       ||     1

Table legend: (Time is in decaauts)
 A = Elapsed time spent in this place.
 B = Non-inter-level travel time spent in this place.
 C = Inter-level travel time spent in this place.
 D = Time resting spent in this place.
 E = Time spent auto-exploring this place.
 F = Levels seen in this place.
 G = Mean time per level.
                   A        B        C        D        E       F      G
               +--------+--------+--------+--------+--------+-----+--------+
         Total |   2534 |   1897 |    637 |      0 |   1319 |   4 |  633.5 |
       Dungeon |   2534 |   1897 |    637 |      0 |   1319 |   4 |  633.5 |
               +--------+--------+--------+--------+--------+-----+--------+

Top non-repeatable levels by time:
     D:1: 1236 daAuts
     D:2: 639 daAuts
     D:3: 477 daAuts
     D:4: 181 daAuts
